 Dungeon Crawl Stone Soup version 0.29-a0-344-ge2f44be95a (webtiles) character file.

Game seed: 4833055385096645509

35 spaghetti the Sneak (level 3, 0/28 HPs)
             Began as a Naga Earth Elementalist on Apr 22, 2022.
             Was a Follower of Elyvilon.
             Slain by a gnoll
             ... wielding a +0 flail
              (10 damage)
             ... on level 3 of the Dungeon.
             The game lasted 00:02:59 (1950 turns).

spaghetti the Sneak (Naga Earth Elementalist)       Turns: 1950, Time: 00:02:59

Health: 0/28       AC:  2    Str: 10    XL:     3   Next: 35%
Magic:  4/6        EV:  9    Int: 17    God:    Elyvilon [*.....]
Gold:   45         SH:  0    Dex: 11    Spells: 1/7 levels left

rFire   . . .      SeeInvis +   n - +0 dagger (venom) {short}
rCold   . . .      Faith    .   (no shield)
rNeg    . . .      Spirit   .   b - +0 robe
rPois   +          Reflect  .   (no helmet)
rElec   .          Harm     .   (no cloak)
rCorr   .          Rampage  .   (no gloves)
Will    .....                   (no barding)
Stlth   ++........              (no amulet)
HPRegen 0.09/turn               (no ring)
MPRegen 0.10/turn               (no ring)

@: very slow
A: AC +1, large, see invisible, deformed body, poison resistance, slowness 2,
spit poison 1, naga tail 1
a: Spit Poison, Renounce Religion, Purification


You were on level 3 of the Dungeon.
You worshipped Elyvilon.
Elyvilon was aware of your devotion.
You visited 1 branch of the dungeon, and saw 3 of its levels.

You collected 45 gold pieces.


Innate Abilities, Weirdness & Mutations

Your serpentine skin is tough. (AC +1)
You have supernaturally acute eyesight. (SInv)
Armour fits poorly on your strangely shaped body.
Your system is resistant to poisons. (rPois)
You cover ground very slowly.
You can spit poison.
You have a snake-like lower body.


   Skills:
 - Level 1.5 Dodging
 + Level 4.4 Stealth
 + Level 2.6 Spellcasting
 * Level 1.2 Transmutations
 * Level 3.1 Earth Magic


You had one spell level left.
You knew the following spells:

 Your Spells              Type           Power      Damage    Failure   Level
a - Sandblast             Erth           24%        2d8       4%          1
b - Stone Arrow           Conj/Erth      14%        3d7       28%         3
c - Passwall              Tmut/Erth      7%         N/A       11%         2

Your spell library contained the following spells:

 Spells                   Type           Power      Damage    Failure   Level
 Petrify                  Tmut/Erth      9%         N/A       58%         4

Inventory:

Hand Weapons
 e - a +0 dagger {short}
   (You took it off a kobold on level 1 of the Dungeon)
 f - a +0 club {mace}
   (You found it on level 1 of the Dungeon)
 i - a +0 club {mace}
   (You found it on level 1 of the Dungeon)
 n - a +0 dagger of venom (weapon) {short}
   (You found it on level 2 of the Dungeon)
Missiles
 a - 28 stones (quivered) {throwing}
 j - 2 boomerangs of dispersal {=f!fthrowing}
Armour
 b - a +0 robe (worn)
Scrolls
 d - 4 scrolls of teleportation {unknown}
 h - a scroll of torment {unknown}
 m - a scroll of identify {unknown}
 q - a scroll of amnesia {unknown}
Potions
 c - a potion of magic
 g - 2 potions of mutation {unknown}
 k - 2 potions of heal wounds {unknown}
 l - a potion of cancellation {unknown}
 o - a potion of attraction {unknown}
 p - a potion of resistance {unknown}
 r - a potion of curing {unknown}

Dungeon Overview and Level Annotations

Branches:
Dungeon (2/15)

Altars:
Elyvilon

(.....#########
.(.............
..(............
...............
....(..........
...............
......gg.......
......g@.......
$..............
#####..........
#....###...
#....# ..
#....# . #.....
#.....


You could see 3 gnolls.


Message History

You enter the shallow water.
Moving in this stuff is going to be slow.
Key pressed, stopping explore.
You enter the shallow water.
Moving in this stuff is going to be slow.
q - a scroll labelled NARGHOB SATHOPT 😎 HP[+4]
Your hp is fully restored (28).
A ball python comes into view.
You throw a stone {throwing}.
The stone {throwing} hits the ball python.
You throw a stone {throwing}.
The stone {throwing} completely misses the ball python.
You throw a stone {throwing}.
The stone {throwing} hits the ball python.
You kill the ball python!
No target in view!
No target in view!
No target in view!
No target in view!
No target in view!
No target in view!
No target in view!
No target in view!
No target in view!
No target in view!
No target in view!
No target in view!
No target in view!
No target in view!
No target in view!
No target in view!
No target in view!
No target in view!
No target in view!
No target in view!
No target in view!
No target in view!
No target in view!
No target in view!
No target in view!
No target in view!
No target in view!
No target in view!
No target in view!
a - 33 stones {throwing} (gained 1)
You see here a ball python corpse.
a - 34 stones {throwing} (gained 1)
a - 35 stones {throwing} (gained 1)
You see here a ball python corpse.
You open the door.
There is an open door here.
r - an inky potion
Found a stone staircase leading down.
A sourceless malevolence fills the Dungeon...
You fall into a shaft and drop 1 floor!
The shaft crumbles and collapses. 3 gnolls come into view.
Unknown command.
You throw a stone {throwing}. The stone {throwing} hits the gnoll.
The gnoll shouts!
You throw a stone {throwing}. The gnoll shouts!
The stone {throwing} hits the gnoll.
You throw a stone {throwing}.
The stone {throwing} barely misses the gnoll.
You throw a stone {throwing}. The stone {throwing} hits the gnoll.
You throw a stone {throwing}.
The stone {throwing} barely misses the gnoll.
The stone {throwing} hits the gnoll but does no damage.
You hit the gnoll but do no damage. The gnoll hits you with a +0 club.
You are too injured to fight recklessly!
You are too injured to fight recklessly! 😕 HP[-6]
You take 6 damage, and now have 22/28 hp.
MASSIVE DAMAGE!! (PAUSE)
Casting: Sandblast (safe; 4% risk of failure)
Confirm with . or Enter, or press ? or * to list all spells.
Aiming: Sandblast (safe; 4% risk of failure)
Press: ? - help, Shift-Dir - straight line, f/p - gnoll
Aim: a gnoll, wielding a +0 club (moderately wounded, 82% to hit)
The blast of sand hits the gnoll but does no damage.
a - 29 stones {throwing} The gnoll hits you with a +0 club. 😮 HP[-5] MP[-1]
You take 5 damage, and now have 17/28 hp.
You lost 1 mp, and now have 5/6 mp.
Casting: Sandblast (safe; 4% risk of failure)
Confirm with . or Enter, or press ? or * to list all spells.
Aiming: Sandblast (safe; 4% risk of failure)
Press: ? - help, Shift-Dir - straight line, f/p - gnoll
Aim: a gnoll, wielding a +0 club (moderately wounded, 82% to hit)
The blast of sand misses the gnoll.
a - 28 stones {throwing} The gnoll hits you with a +0 club!
* * * LOW HITPOINT WARNING * * *
The gnoll hits you with a +0 flail! Elyvilon protects you from harm!
The gnoll hits you with a +0 flail!
You die...

Skill      XL: |  1  2 |
---------------+-------+-----
Stealth        | 4 |  4.4
Dodging        | |  1.5
Spellcasting   | |  2.6
Transmutations | |  1.2
Earth Magic    | |  3.1

Action                   || total
-------------------------++-------
Melee: Dagger            ||    27
Throw: Stone             ||    39
 Cast: Sandblast         ||    21
 Abil: Spit Poison       ||    13
 Stab: Sleeping          ||     5
Armor: Robe              ||    13
Dodge: Dodged            ||    23

Levels and vault maps discovered:
D:1:      saegor_arrival_simple_d, layout_loops_corners,
          chequers_ecumenical_altar_simple
D:2:      layout_basic, serial_bayou, serial_bayou_ford_a, serial_bayou_shore_a,
          serial_bayou_crossing, serial_bayou_pond_d, serial_bayou_lagoon_b,
          minmay_lizard_king
D:3:      layout_basic, minmay_misc_feat_tower, minmay_misc_feat_cross

Notes
Turn   | Place    | Note
-------+----------+-------------------------------------------
     0 | D:1      | spaghetti the Naga Earth Elementalist began the quest for
                  | the Orb.
     0 | D:1      | Reached XP level 1. HP: 15/15 MP: 3/3
     0 | D:1      | magus.rc [v1.9.6]
   433 | D:1      | Reached XP level 2. HP: 15/22 MP: 0/5
   890 | D:1      | Reached skill level 4 in Stealth
   974 | D:1      | Found a faded altar of an unknown god.
   982 | D:1      | Prayed at the altar of an unknown god.
   982 | D:1      | Became a worshipper of Elyvilon the Healer
   982 | D:1      | Reached * piety under Elyvilon
  1176 | D:1      | Reached XP level 3. HP: 16/28 MP: 6/6
  1180 | D:1      | Learned a level 3 spell: Stone Arrow
  1183 | D:1      | Learned a level 2 spell: Passwall
  1942 | D:2      | You fall into a shaft and drop 1 floor!
  1950 | D:3      | Elyvilon protects you from harm!
  1950 | D:3      | Slain by a gnoll

Vanquished Creatures
  A worm (D:2)
  3 dart slugs (D:1)
  3 endoplasms (D:1)
  2 giant cockroaches (D:1)
  A goblin (D:2)
  4 hobgoblins
  3 ball pythons
  5 bats
  A frilled lizard (D:1)
  A kobold (D:1)
  3 rats (D:1)
27 creatures vanquished.

Table legend:
 A = Non-vault XP
 B = Vault XP
 C = Vault XP percentage of total XP
 D = Non-vault monster count
 E = Vault monster count
 F = Vault count percentage of total count
                 A         B        C        D         E       F
            +---------+---------+-------+---------+---------+-------
      Total |      51 |       0 |   0.0 |      27 |       0 |   0.0
            +---------+---------+-------+---------+---------+-------
        D:1 |      36 |       0 |   0.0 |      20 |       0 |   0.0
        D:2 |      15 |       0 |   0.0 |       7 |       0 |   0.0
            +---------+---------+-------+---------+---------+-------

Illustrated notes

Table legend:
 A = Kills in this place as a percentage of kills in entire the game.
 B = Kills by you in this place as a percentage of kills by you in the entire game.
 C = Kills by friends in this place as a percentage of kills by friends in the entire game.
 D = Other kills in this place as a percentage of other kills in the entire game.
 E = Experience gained in this place as a percentage of experience gained in the entire game.
 F = Experience gained in this place divided by the number of levels of this place that you have seen.
                   A       B       C       D       E      F
               +-------+-------+-------+-------+-------+----------------------
         Total | 100.0 | 100.0 |   N/A |   N/A | 100.0 |  17.0
       Dungeon | 100.0 | 100.0 |   N/A |   N/A | 100.0 |  17.0
               +-------+-------+-------+-------+-------+----------------------

Table legend: (Time is in decaauts)
 A = Elapsed time spent in this place.
 B = Non-inter-level travel time spent in this place.
 C = Inter-level travel time spent in this place.
 D = Time resting spent in this place.
 E = Time spent auto-exploring this place.
 F = Levels seen in this place.
 G = Mean time per level.
                   A        B        C        D        E       F      G
               +--------+--------+--------+--------+--------+-----+--------+
         Total |   2352 |   2327 |     25 |     75 |   1974 |   3 |  784.0 |
       Dungeon |   2352 |   2327 |     25 |     75 |   1974 |   3 |  784.0 |
               +--------+--------+--------+--------+--------+-----+--------+

Top non-repeatable levels by time:
     D:1: 1740 daAuts
     D:2: 602 daAuts
     D:3: 8 daAuts
